AoeStats
← 297539664

Nomad

510051170Analyzed
4v4 RM · 3d ago on Sep 29, 2026· 25m 38s· 8 players
Game mode
Random Map
Map size
231×231
Population
200
Speed
Normal
Resources
Standard
Victory
Conquest
Starting age
Dark Age
Ending age
Imperial Age
RankedLock teamsTeams togetherTeam positionsShared explorationLock speedFull tech treeHidden civsTurbo modeCheats
Victory
Defeat
🇩🇪 Koreans · Germany
1320
+17
🇨🇱 Slavs · Chile
1306
+17
🇨🇳 Persians · China
1304
+17
🇨🇳 Spanish · China
1253
+19
🇨🇳 Franks · China
1387
-20
1354
-19
🇹🇼 Japanese · Taiwan
1347
-18
🇨🇭 Huns · Switzerland
1229
-13
Jim Levenstein
5:28 Loom
12:49 Feudal Age
16:52 Castle Age
15:37 Double-Bit Axe
15:36 Horse Collar
18:34 Wheelbarrow
18:32 Bow Saw
20:47 Gold Mining
20:51 Town Watch
22:07 Hand Cart
你顶住我发展
3:49 Loom
15:03 Feudal Age
19:16 Castle Age
19:09 Stone Mining
19:10 Gold Mining
19:06 Double-Bit Axe
19:08 Fishing Lines
20:24 Wheelbarrow
21:37 Hand Cart
21:24 Padded Archer Armor
22:53 Leather Archer Armor
26:18 Fervor
JieX
5:03 Loom
13:09 Feudal Age
13:38 Double-Bit Axe
17:13 Castle Age
16:23 Bloodlines
16:27 Gold Mining
17:14 Scale Barding Armor
18:31 Chain Barding Armor
18:40 Husbandry
20:21 Bow Saw
20:55 Horse Collar
Colo-Colo
4:41 Loom
13:37 Feudal Age
17:35 Castle Age
15:46 Double-Bit Axe
16:56 Horse Collar
18:40 Bow Saw
20:36 Medium Warships
20:52 Medium Warships
20:52 Gold Mining
24:11 Wheelbarrow
24:16 Stone Mining
25:49 Heavy Plow
25:48 Town Watch
No_English
5:31 Loom
13:22 Feudal Age
18:02 Castle Age
16:32 Double-Bit Axe
16:44 Horse Collar
18:18 Gold Mining
19:27 Wheelbarrow
19:35 Bow Saw
20:07 Medium Warships
21:07 Heavy Plow
21:40 Town Watch
24:10 Scale Mail Armor
Hbx_蒙古国海军司令
3:08 Loom
13:05 Feudal Age
17:57 Castle Age
17:46 Gold Mining
17:47 Stone Mining
18:38 Double-Bit Axe
21:11 Fishing Lines
297539664
4:31 Loom
14:29 Feudal Age
18:32 Castle Age
17:29 Double-Bit Axe
19:52 Bow Saw
henkeriks
5:07 Loom
14:13 Feudal Age
17:55 Castle Age
16:43 Fletching
16:46 Double-Bit Axe
18:48 Bodkin Arrow
19:25 Bow Saw
20:40 Horse Collar
23:58 Husbandry
24:09 Bloodlines
Connection lost

Rejoining the realm…

Still unreachable

The connection could not be restored.

Session expired

The server has moved on; the page needs a fresh start.